Cool Beans, neutral female gnomish Tourist ------------- ------ ##...[.<......| ------- |.....# # |...........| |.....| |...>|######|...........| |.....| -------- ##+..{.| # ------------- |.....| |......-##########|....| |.....| #.......| ####--|-.-# # --.---- ###|......| # ##################### ## # |......-#####%# # `# # ---------- # ### -------- # ### ### |.f.[[[[[| ### # # ## # |.@m[[)[)| # # --.---###` ### |.[[[[[))| ## # |....|# # # #-@)))[[[[| ----|--# |....|# #### ###|.[[[[).[| |.....|# |.....# ---.-- # ---------- |......# `##############-....| |.....### |.....| ------ |....| ------- |>...| ------ Cool Beans the Rambler Experience level: 2 Strength: 10 Dexterity: 11 Constitution: 13 Intelligence: 13 Wisdom: 10 Charisma: 18 Health: 0(17) Energy: 11(11) Def: 4 Gold: 570 Moves: 1024 Dungeon seed: 6wZuviZQPgntIegv Game ID: Cool Beans_1518193738 Your Inventory: Coins $ - 570 gold pieces Weapons a - 27 uncursed +2 darts (in quiver) C - an uncursed +0 elven spear (weapon in hand) Armor e - an uncursed +0 Hawaiian shirt (being worn) B - an uncursed +0 cloak of protection (being worn) N - an uncursed +0 orcish helm (being worn) Comestibles b - 5 uncursed food rations c - 2 uncursed eggs d - 2 uncursed tripe rations g - an uncursed slime mold s - an uncursed lichen corpse t - an uncursed pancake Scrolls j - 2 blessed scrolls of magic mapping k - an uncursed scroll of magic mapping v - an uncursed scroll of enchant armor Potions h - a blessed potion of extra healing i - an uncursed potion of extra healing r - a blessed potion of gain energy Rings w - an uncursed ring of free action Tools l - an uncursed credit card m - an uncursed expensive camera (0:53) n - an uncursed leash o - an uncursed magic marker (0:0) p - an uncursed tin opener q - an uncursed towel Gems y - an uncursed luckstone z - 2 uncursed worthless pieces of blue glass Y - an uncursed worthless piece of yellow glass Spells and supernatural/magical abilities: Name Level Category Fail Memory W - pray for help -- divine ? -- Your skills at the end: Fighting Skills wands [Basic] Weapon Skills dart [Basic] Spellcasting Skills Final Attributes: You had infravision. You were protected. You were lucky. You had extra luck. Bad luck did not time out for you. Good luck did not time out for you. You are dead. Vanquished creatures: a yellow mold a red mold 4 jackals a fox 2 goblins 2 sewer rats 4 grid bugs 2 lichens a kobold zombie 3 newts 21 creatures vanquished. Voluntary challenges: You were an atheist. You used a wielded weapon 11 times, starting on turn 864. You read items or engraved 2 times, starting on turn 335. You never genocided any monsters. You never polymorphed an object. You never changed form. You used no wishes. You never split a pudding. You never wrote Elbereth's name. You never violated your personal moral code. Dungeon overview: The Dungeons of Doom: levels 1 to 3 Level 1 a long staircase Level 2 a fountain, a vault Level 3 <- You were here an armor shop, a fountain, a vault a long staircase History has recorded: On T:1 you entered the Dungeons of Doom to retrieve the Amulet of Yendor! On T:625 you reached level 3 of The Dungeons of Doom. On T:708 you advanced to experience level 2. Score breakdown: Gold: 211 ( 7913 points) Experience: 2 levels ( 5570 points) Exploration: 3 levels ( 6.25%) ( 6188 points) Discoveries: 6 items ( 1.99%) ( 4228 points) Valuables value: (no points given unless you survive) Artifact value: 0 ( 0 points) Variety of kills: 10 monsters ( 2.63%) ( 4866 points) Turncount: 1024 turns ( 0 points) Survival: died (score multiplied by 80%) Total score: 23012 Latest messages: You are now wielding Yildizeli's elven spear. Yildizeli says "You be careful with my elven spear!" You bought an elven spear (weapon in hand) for 3 gold pieces. "Thank you for shopping in Yildizeli's used armor dealership!" You see here a leather armor (4 zorkmids). Wait! That's a small mimic! You hit the small mimic! You miss the small mimic. The small mimic hits! You hit the small mimic. (2x) You miss the small mimic. (2x) The small mimic hits! You hit the small mimic. (2x) You miss the small mimic. (2x) The small mimic hits! You hit the small mimic. You miss the small mimic. (3x) The small mimic hits! You die... Yildizeli gratefully inherits all your possessions. Final status: Aloha Cool Beans the Tourist, killed by a small mimic... You died in The Dungeons of Doom on dungeon level 3 with 23012 points, and 570 pieces of gold, after 1024 moves. You were level 2 with a maximum of 17 hit points when you died.